AoeStats
← aextropical#0420

Northern Isles

510409355Analyzed
1v1 RM · 1d ago on Sep 30, 2026· 53m 11s· 2 players
Game mode
Random Map
Map size
Tiny (2 player)
Population
200
Speed
Normal
Resources
Standard
Victory
Conquest
Starting age
Dark Age
Ending age
Imperial Age
RankedLock teamsTeams togetherTeam positionsShared explorationLock speedFull tech treeHidden civsTurbo modeCheats
Victory
Defeat
🇺🇸 Maya · United States
1047
+16
🇺🇸 Japanese · United States
1053
-16
jimmythicks
7:40 Loom
11:00 Feudal Age
11:36 Double-Bit Axe
19:56 Castle Age
18:49 Fletching
21:23 Medium Warships
24:41 Bodkin Arrow
30:05 Careening
30:08 Clinker Construction
32:47 Wheelbarrow
33:57 Ballistics
39:27 Imperial Age
41:37 Heavy Warships
42:53 Bracer
48:41 Elite Plumed Archer
53:42 Hoardings
54:16 Chemistry
53:27 Masonry
aextropical#0420
7:05 Loom
10:09 Feudal Age
10:41 Fishing Lines
21:45 Castle Age
23:06 Medium Warships
23:55 Gillnets
27:55 Double-Bit Axe
29:39 Bow Saw
31:52 Fletching
32:13 Forging
35:05 Imperial Age
34:25 Fletching
35:43 Bodkin Arrow
37:10 Forging
37:49 Scale Mail Armor
38:31 Heavy Warships
39:50 Bracer
43:10 Iron Casting
47:12 Blast Furnace
49:59 Blast Furnace
49:21 Chain Mail Armor
Connection lost

Rejoining the realm…

Still unreachable

The connection could not be restored.

Session expired

The server has moved on; the page needs a fresh start.